 Dungeon Crawl Stone Soup version 0.31-a0-1074-g0b22e4e0f1 (webtiles) character file.

Game seed: 4279156870350390795

532 Dirtsage the Slasher (level 7, 54/57 HPs)
             Began as a Demonspawn Monk on Nov 26, 2023.
             Quit the game on level 5 of the Dungeon.
             The game lasted 00:07:04 (3647 turns).

Dirtsage the Slasher (Demonspawn Monk)              Turns: 3647, Time: 00:07:05

Health: 54/57      AC:  6    Str: 15    XL:     7   Next: 4%
Magic:  16/16      EV: 13    Int: 11    God:
Gold:   227        SH:  4    Dex: 16    Spells: 6/6 levels left

rFire   . . .        j - +0 long sword
rCold   . . .        d - orb {light}
rNeg    . . .        h - +0 ring mail
rPois   .            (no helmet)
rElec   .            (no cloak)
rCorr   .            q - +0 pair of gloves
SInv    .            (no boots)
Will    +....        (no amulet)
Stlth   +            p - ring of willpower
HPRegen 0.29/turn    i - ring of magical power
MPRegen 0.15/turn

%: no passive effects
@: glowing
A: repulsion field 1, demonic guardian 1, condensation shield, talons 1, robust
1, strong 1
a: no special abilities


You were on level 5 of the Dungeon.
You visited 1 branch of the dungeon, and saw 5 of its levels.

You collected 227 gold pieces.

Inventory:

Hand Weapons
 a - a +0 falchion
 j - a +0 long sword (weapon)
Armour
 b - a +0 robe
 d - an orb of light (worn)
 h - a +0 ring mail (worn)
 q - a +0 pair of gloves (worn)
Jewellery
 e - a ring of fire
 i - a ring of magical power (right hand)
 p - a ring of willpower (left hand)
 C - a ring of resist corrosion
Wands
 k - a wand of flame (12)
 u - a wand of mindburst (19)
Scrolls
 f - a scroll of revelation {unknown}
 g - 4 scrolls of identify {unknown}
 m - a scroll of amnesia {unknown}
 n - a scroll of enchant armour {unknown}
 r - a scroll of brand weapon {unknown}
 s - a scroll of vulnerability {unknown}
 t - a scroll of teleportation
 x - a scroll of fear {unknown}
 y - a scroll of immolation {unknown}
Potions
 c - 2 potions of ambrosia
 l - a potion of heal wounds
 o - 2 potions of degeneration {unknown}
 v - a potion of cancellation {unknown}
 w - a potion of enlightenment {unknown}


   Skills:
 - Level 3.0 Fighting
 + Level 7.4 Long Blades
 - Level 2.6 Dodging


You had 6 spell levels left.
You didn't know any spells.
Your spell library contained the following spells:

 Spells                   Type           Power      Damage    Failure   Level
 Apportation              Tloc           0%         N/A       56%         1
 Jinxbite                 Hex            0%         N/A       71%         2
 Tukima's Dance           Hex            0%         N/A       91%         3
 Dimensional Bullseye     Hex/Tloc       0%         N/A       100%        4
 Iskenderun's Mystic Bla  Conj/Tloc      0%         2d3       100%        4
 Alistair's Intoxication  Tmut/Pois      0%         N/A       100%        5


Dungeon Overview and Level Annotations

Branches:
Dungeon (5/15)             Temple (0/1) D:5

Altars:
Kikubaaqudgha

Shops:
D:2 *

Annotations:
D:3 1 runed translucent door, Crazy Yiuf, Robin


Innate Abilities, Weirdness & Mutations

You are surrounded by a mild repulsion field. (EV +2)
A weak demonic guardian rushes to your aid.
A meltable shield of frost defends you. (SH +4)
You have sharp toenails.
You are robust. (+10% HP)
Your muscles are strong. (Str +4, Int/Dex -1)


Message History

No target in view!
No target in view!
No target in view!
Found a staircase to the Ecumenical Temple.
Health restored: 51 A scorpion comes into view.
Unknown command.
A phantom comes into view.
The scorpion stings you. x2
You take 5 damage, and have 46/51 hp.
You hit the scorpion but do no damage. The scorpion misses you.
You slash the scorpion!
You claw the scorpion, but do no damage.
The scorpion is heavily wounded.
The scorpion barely misses you.
You hit the scorpion.
You claw the scorpion, but do no damage.
The scorpion is heavily wounded.
The scorpion misses you.
You hit the scorpion.
The scorpion is severely wounded.
The scorpion barely misses you.
The scorpion stings you but does no damage.
You hit the scorpion but do no damage.
The scorpion is severely wounded.
The scorpion misses you.
You hit the scorpion but do no damage. You claw the scorpion.
The scorpion is severely wounded.
The phantom hits you but does no damage.
The scorpion completely misses you.
You slash the scorpion!
You kill the scorpion!
The phantom barely misses you.
You have reached level 7!
Your demonic ancestry asserts itself...
Frost condenses into a shield before you.
You regained 6 hp, and now have 54/57 hp.
MP restored: 16 Unknown command.
Are you sure you want to abandon this character and quit the game? (Confirm with "yes".)

#.#......
..#######
##### ####
#...# #.⌠.#
####...####
.#?........#
...⌠..>..⌠.#
.......@...##
.####..W###.##
#.⌠.# #..#
#...# ##.##
.....# #..##
.###### ##..##
W ##..# ##.#
#.###


You could see a phantom.

Vanquished Creatures
  A scorpion (D:5)
  2 orc priests (D:5)
  Natasha (twice) (D:3)
  4 orc wizards
  A gnoll (D:1)
  7 adders
  2 ufetubi (D:5)
  2 worms (D:2)
  A dart slug (D:1)
  17 orcs
  11 endoplasms
  4 giant cockroaches
  11 goblins
  5 hobgoblins
  3 jackals (D:1)
  4 quokkas
  5 ball pythons
  8 bats
  4 frilled lizards
  9 kobolds
  5 rats
108 creatures vanquished.

Vanquished Creatures (collateral kills)
  Ijyb (D:3)
  Natasha (D:3)
  2 goblins (D:3)
4 creatures vanquished.

Vanquished Creatures (others)
  A human (D:3)
1 creature vanquished.

Grand Total: 113 creatures vanquished

Notes
Turn   | Place    | Note
-------+----------+-------------------------------------------
     0 | D:1      | Dirtsage the Demonspawn Monk began the quest for the Orb.
     0 | D:1      | Reached XP level 1. HP: 18/18 MP: 1/1
   150 | D:1      | Reached skill level 3 in Long Blades
   184 | D:1      | Gained mutation: A weak demonic guardian rushes to your
                  | aid. [demonic ancestry]
   184 | D:1      | Reached XP level 2. HP: 24/24 MP: 2/2
   362 | D:1      | Reached XP level 3. HP: 26/29 MP: 3/3
   410 | D:1      | Reached skill level 4 in Long Blades
   846 | D:2      | Found Asoeliur's General Store.
   923 | D:2      | Gained mutation: You are surrounded by a mild repulsion
                  | field. (EV +2) [demonic ancestry]
   923 | D:2      | Reached XP level 4. HP: 35/35 MP: 4/4
  1076 | D:2      | Found a faded altar of an unknown god.
  1354 | D:3      | Noticed Ijyb
  1354 | D:3      | Noticed Natasha
  1614 | D:3      | Killed Natasha
  1615 | D:3      | Reached skill level 5 in Long Blades
  1617 | D:3      | Killed Ijyb
  1618 | D:3      | Reached XP level 5. HP: 28/41 MP: 5/5
  1752 | D:3      | Noticed Robin
  1754 | D:3      | Gained mutation: Your muscles are strong. (Str +4, Int/Dex
                  | -1) [potion of mutation]
  1754 | D:3      | Gained mutation: You are robust. (+10% HP) [potion of
                  | mutation]
  1754 | D:3      | Gained mutation: You have sharp toenails. [potion of
                  | mutation]
  1943 | D:3      | Noticed Natasha
  1947 | D:3      | Killed Natasha
  1951 | D:3      | Found an ancient bone altar of Kikubaaqudgha.
  1953 | D:3      | Noticed a human
  1954 | D:3      | Killed a human
  2121 | D:3      | Noticed Natasha
  2129 | D:3      | Killed Natasha
  2242 | D:3      | Found a runed translucent door.
  2243 | D:3      | Noticed Crazy Yiuf
  2368 | D:3      | Reached skill level 6 in Long Blades
  2420 | D:3      | Reached XP level 6. HP: 45/51 MP: 6/6
  3333 | D:5      | Entered Level 5 of the Dungeon
  3496 | D:5      | Reached skill level 7 in Long Blades
  3635 | D:5      | Found a staircase to the Ecumenical Temple.
  3647 | D:5      | Gained mutation: A meltable shield of frost defends you.
                  | (SH +4) [demonic ancestry]
  3647 | D:5      | Reached XP level 7. HP: 54/57 MP: 7/7
  3647 | D:5      | Quit the game

Illustrated notes

Levels and vault maps discovered:
D:1:      dpeg_arrival_tiny_i, layout_rooms, hangedman_decor_slide_cut,
          serial_park_tiny_pond
D:2:      layout_basic, shapermc_ecumenical_altar_mp_urbaneastern, serial_shops,
          nicolae_shop_behind_doors
D:3:      layout_loops_cross, tgw_kikubaaqudgha, st_stairs_1,
          uniq_crazy_yiuf_cottage, uniq_ijyb, uniq_robin, uniq_natasha
D:4:      layout_layer_cave, serial_park_tiny_1
D:5:      layout_rooms, minmay_temple_entry_junction

Skill      XL: |  1  2  3  4  5  6 |
---------------+-------------------+-----
Long Blades    | 3 4 5 6 7 |  7.4
Fighting       | |  3.0
Dodging        | |  2.6

Action                     |  1- 3 |  4- 6 |  7- 9 || total
---------------------------+-------+-------+-------++-------
  Melee: Falchion          |    41 |       |       ||    41
         Long sword        |    45 |   203 |       ||   248
         Kick              |       |    41 |       ||    41
    Use: Potion            |       |     3 |       ||     3
         Scroll            |       |     1 |       ||     1
 Armour: Robe              |    55 |       |       ||    55
         Ring mail         |     5 |   134 |       ||   139
  Dodge: Dodged            |    72 |   147 |       ||   219

Table legend: (Time is in decaauts)
 A = Elapsed time spent in this place.
 B = Non-inter-level travel time spent in this place.
 C = Inter-level travel time spent in this place.
 D = Time resting spent in this place.
 E = Time spent auto-exploring this place.
 F = Levels seen in this place.
 G = Mean time per level.
                   A        B        C        D        E       F      G
               +--------+--------+--------+--------+--------+-----+--------+
         Total |   3684 |   3529 |    155 |      0 |   2774 |   5 |  736.8 |
       Dungeon |   3684 |   3529 |    155 |      0 |   2774 |   5 |  736.8 |
               +--------+--------+--------+--------+--------+-----+--------+

Top non-repeatable levels by time:
     D:3: 1018 daAuts
     D:4: 933 daAuts
     D:2: 828 daAuts
     D:1: 587 daAuts
     D:5: 316 daAuts
